 Dungeon Crawl Stone Soup version 0.29.0-4-gdea44cf6ec (webtiles) character file.

Game seed: 874256667424263516

208 qw the Chopper (level 5, 0/41 HPs)
             Began as a Demonspawn Cinder Acolyte on Sept 8, 2022.
             Was an Elder of Ignis.
             Slain by Sigmund
             ... wielding a +2 scythe of venom
              (1 damage)
             ... on level 3 of the Dungeon.
             The game lasted 00:01:00 (2814 turns).

qw the Chopper (Demonspawn Cinder Acolyte)          Turns: 2814, Time: 00:01:00

Health: 0/41       AC: 19    Str: 17    XL:     5   Next: 55%
Magic:  6/6        EV:  5    Int: 15    God:    Ignis [****..]
Gold:   142        SH:  0    Dex:  8    Spells: 6/6 levels left

rFire   + . .      SeeInvis .   Y - -1 hand axe (flame)
rCold   . . .      Faith    .   (no shield)
rNeg    . . .      Spirit   .   b - +0 plate armour
rPois   .          Reflect  .   (no helmet)
rElec   .          Harm     .   (no cloak)
rCorr   .          Rampage  .   (no gloves)
Will    .....                   (no boots)
Stlth   ..........              (no amulet)
HPRegen 0.13/turn               (no ring)
MPRegen 0.10/turn               (no ring)

@: lethally poisoned (0 -> -5), fiery-armoured
A: claws 1, sharp scales 2
a: Renounce Religion, Fiery Armour, Foxfire Swarm, Rising Flame


You were on level 3 of the Dungeon.
You worshipped Ignis.
Ignis was greatly pleased with you.
You visited 1 branch of the dungeon, and saw 3 of its levels.

You collected 142 gold pieces.


Innate Abilities, Weirdness & Mutations

You have sharp fingernails.
You are mostly covered in razor-sharp scales. (AC +2, Slay +2)


   Skills:
 - Level 3.0 Fighting
 + Level 5.1 Axes
 - Level 2.1 Armour
 - Level 0.8 Dodging
 - Level 1.0 Spellcasting
 - Level 2.6 Fire Magic


You had 6 spell levels left.
You didn't know any spells.
Your spell library contained the following spells:

 Spells                   Type           Power      Damage    Failure   Level
 Scorch                   Fire           16%        2d5       100%        2

Inventory:

Hand Weapons
 Y - a -1 hand axe of flaming (weapon)
Missiles
 c - 3 boomerangs (quivered)
Armour
 b - a +0 plate armour (worn)
Scrolls
 f - a scroll of identify
Potions
 d - a potion of degeneration {unknown}
 e - a potion of berserk rage {unknown}
 g - a potion of heal wounds {unknown}
 h - 2 potions of curing

Dungeon Overview and Level Annotations

Branches:
Dungeon (3/15)

Altars:
Ashenzari
Trog

Shops:
D:3 (

Annotations:
D:3 Sigmund


Message History

You closely miss the iguana.
The iguana is moderately wounded.
Sigmund the Dreaded comes into view.
He is wielding a +2 scythe of venom.
The iguana bites you.
You barely miss the iguana.
The iguana is moderately wounded.
The iguana bites you.
2809 ||| INVOKING Fiery Armour.
A protective cloak of flame settles atop you.
A quokka comes into view.
The iguana bites you!
The iguana is burned by your cloak of flames.
The iguana is heavily wounded.
The quokka moves out of view.
You hit the iguana. You burn the iguana.
The iguana is severely wounded.
The iguana bites you but does no damage.
The iguana is burned by your cloak of flames.
The iguana is almost dead.
You hit the iguana but do no damage.
The iguana is almost dead.
The iguana bites you but does no damage.
The iguana is burned by your cloak of flames.
You kill the iguana!
Your Armour skill increases to level 2!
Sigmund's eyes start glowing with a red light.
Sigmund hits you with a +2 scythe of venom.
You are lethally poisoned!
Sigmund is burned by your cloak of flames.
Sigmund is lightly wounded.
Things that are here:
an iguana corpse; a hobgoblin corpse You barely miss Sigmund.
Sigmund is lightly wounded.
You feel very sick.
You barely miss Sigmund.
Sigmund is lightly wounded.
You feel sick.
Sigmund hits you with a +2 scythe of venom.
You die...

...... ## ..... ..
.... .#... .... #r.
#@# #@### #...####
###....# #######.##
######## .........#
#.......
#######..###.######
#............/.....
#.####.#.###.#.##..
#.#.# #.#.##


You could see Sigmund and a quokka.

Vanquished Creatures
  Jessica (D:2)
  An iguana (D:3)
  Natasha (thrice) (D:2)
  2 adders
  A worm (D:2)
  3 orcs (D:2)
  4 ball pythons
  5 endoplasms
  4 giant cockroaches
  2 goblins
  8 hobgoblins
  A quokka (D:2)
  6 bats
  11 kobolds
  6 rats
58 creatures vanquished.

Notes
Turn   | Place    | Note
-------+----------+-------------------------------------------
     0 | D:1      | qw the Demonspawn Cinder Acolyte began the quest for the
                  | Orb.
     0 | D:1      | Reached XP level 1. HP: 18/18 MP: 2/2
     0 | D:1      | 0 ||| qw: Version: 0.1-a-112-g44dc6cd
     0 | D:1      | 0 ||| qw: Game counter: 6650
     0 | D:1      | 0 ||| qw: Always use a shield: true
     0 | D:1      | 0 ||| qw: God list: Okawaru
     0 | D:1      | 0 ||| qw: Allow faded altars: false
     0 | D:1      | 0 ||| qw: Do Orc after D:15 true
     0 | D:1      | 0 ||| qw: Do second Lair branch before Depths: true
     0 | D:1      | 0 ||| qw: Lair rune preference: random
     0 | D:1      | 0 ||| qw: Plans: Normal
     0 | D:1      | 0 ||| PLANNING D:1-11
    73 | D:1      | 73 ||| Stepping ~*~*~tactically~*~*~ (stealth).
    81 | D:1      | 81 ||| Stepping ~*~*~tactically~*~*~ (stealth).
    82 | D:1      | 82 ||| Stepping ~*~*~tactically~*~*~ (stealth).
    84 | D:1      | 84 ||| Stepping ~*~*~tactically~*~*~ (stealth).
    87 | D:1      | 87 ||| Stepping ~*~*~tactically~*~*~ (stealth).
    94 | D:1      | Reached skill level 3 in Axes
   236 | D:1      | 236 ||| Stepping ~*~*~tactically~*~*~ (stealth).
   238 | D:1      | Gained mutation: You have sharp fingernails. [demonic
                  | ancestry]
   238 | D:1      | Reached XP level 2. HP: 20/24 MP: 3/3
   252 | D:1      | 252 ||| Stepping ~*~*~tactically~*~*~ (stealth).
   497 | D:1      | 497 ||| Stepping ~*~*~tactically~*~*~ (stealth).
   745 | D:1      | 745 ||| READING scroll labelled TINEMO BINK.
   746 | D:1      | 746 ||| READING scroll labelled TOACLO WIORES.
   747 | D:1      | 747 ||| READING scroll labelled XEZIAD OCEIPE.
   748 | D:1      | 748 ||| DRINKING 2 brown potions.
   749 | D:1      | 749 ||| DROPPING potion of flight.
   799 | D:2      | Noticed Natasha
   800 | D:2      | 800 ||| Stepping ~*~*~tactically~*~*~ (stealth).
   804 | D:2      | 804 ||| Stepping ~*~*~tactically~*~*~ (stealth).
   806 | D:2      | 806 ||| Stepping ~*~*~tactically~*~*~ (stealth).
   812 | D:2      | Gained mutation: You are partially covered in razor-sharp
                  | scales. (AC +1, Slay +1) [demonic ancestry]
   812 | D:2      | Reached XP level 3. HP: 20/29 MP: 4/4
   877 | D:2      | 877 ||| FLEEEEING.
   878 | D:2      | 878 ||| FLEEEEING.
   879 | D:2      | 879 ||| FLEEEEING.
   880 | D:2      | 880 ||| FLEEEEING.
   881 | D:2      | 881 ||| FLEEEEING.
   882 | D:2      | 882 ||| FLEEEEING.
   883 | D:2      | 883 ||| FLEEEEING.
   922 | D:2      | 922 ||| INVOKING Fiery Armour.
   923 | D:2      | HP: 5/29 [Natasha (5)]
   923 | D:2      | Killed Natasha
   924 | D:2      | Reached skill level 4 in Axes
   924 | D:2      | 924 ||| FLEEEEING.
   925 | D:2      | 925 ||| FLEEEEING.
   928 | D:2      | 928 ||| FLEEEEING.
   929 | D:2      | 929 ||| FLEEEEING.
   930 | D:2      | 930 ||| FLEEEEING.
   931 | D:2      | 931 ||| FLEEEEING.
   932 | D:2      | 932 ||| FLEEEEING.
   933 | D:2      | 933 ||| FLEEEEING.
   934 | D:2      | 934 ||| FLEEEEING.
   935 | D:2      | 935 ||| FLEEEEING.
   936 | D:2      | 936 ||| STAIRDANCE
  1183 | D:1      | 1183 ||| UPGRADING to +0 ring mail.
  1193 | D:1      | 1193 ||| DROPPING +0 robe.
  1209 | D:2      | 1209 ||| STAIRDANCE
  1295 | D:2      | Noticed Natasha
  1307 | D:2      | 1307 ||| INVOKING Fiery Armour.
  1310 | D:2      | HP: 7/29 [Natasha/magic dart (6)]
  1311 | D:2      | Killed Natasha
  1312 | D:2      | Gained mutation: You are mostly covered in razor-sharp
                  | scales. (AC +2, Slay +2) [demonic ancestry]
  1312 | D:2      | Reached XP level 4. HP: 8/35 MP: 5/5
  1593 | D:2      | Noticed Natasha
  1602 | D:2      | Killed Natasha
  1603 | D:2      | Reached skill level 5 in Axes
  1666 | D:2      | 1666 ||| Stepping ~*~*~tactically~*~*~ (stealth).
  1686 | D:2      | You fall into a shaft and drop 1 floor!
  1686 | D:3      | Found Fuedgh's Weapon Shoppe.
  1689 | D:3      | 1689 ||| SHOPLISTING +2 hand axe of draining (208 gold,
                  | have 115).
  1722 | D:3      | Found a broken altar of Ashenzari.
  1757 | D:3      | 1757 ||| Stepping ~*~*~tactically~*~*~ (stealth).
  1758 | D:3      | 1758 ||| Stepping ~*~*~tactically~*~*~ (stealth).
  1772 | D:3      | Reached XP level 5. HP: 41/41 MP: 6/6
  1774 | D:3      | 1774 ||| UPGRADING to +0 plate armour.
  1784 | D:3      | 1784 ||| DROPPING +0 ring mail.
  1785 | D:3      | 1785 ||| READING scroll labelled IKKASM EPPYAH.
  1829 | D:3      | 1829 ||| Stepping ~*~*~tactically~*~*~ (stealth).
  1830 | D:3      | 1830 ||| Stepping ~*~*~tactically~*~*~ (stealth).
  1832 | D:3      | 1832 ||| READING scroll labelled KEARIE XEODIEDOMP.
  2000 | D:2      | Found a faded altar of an unknown god.
  2046 | D:2      | 2046 ||| Stepping ~*~*~tactically~*~*~ (stealth).
  2201 | D:2      | Noticed Jessica
  2204 | D:2      | Found a bloodstained altar of Trog.
  2210 | D:2      | 2210 ||| INVOKING Fiery Armour.
  2210 | D:2      | Killed Jessica
  2211 | D:2      | Reached skill level 1 in Armour
  2558 | D:2      | 2558 ||| READING scroll labelled YBBIAT TAGG.
  2807 | D:3      | Noticed Sigmund
  2809 | D:3      | 2809 ||| INVOKING Fiery Armour.
  2812 | D:3      | HP: 6/41 [Sigmund/+2 scythe of venom (6)]
  2814 | D:3      | HP: 1/41 [poisoned by Sigmund]
  2814 | D:3      | Slain by Sigmund

Levels and vault maps discovered:
D:1:      dpeg_arrival_pond, layout_basic
D:2:      layout_basic, basic_altar,
          dreamdust_ecumenical_altar_hidden_monk_grotto, uniq_jessica,
          uniq_natasha
D:3:      layout_basic, mainiacjoe_overflow_tiny_flanked, serial_shops,
          nicolae_shop_hallway_plus, nicolae_shop_bloodbath_and_beyond,
          uniq_sigmund

Skill      XL: |  1  2  3  4  5 |
---------------+----------------+-----
Axes           | 3 4 5 |  5.1
Armour         | 2 |  2.1
Fighting       | |  3.0
Dodging        | |  0.8
Spellcasting   | |  1.0
Fire Magic     | |  2.6

Action                   |  1- 3 |  4- 6 || total
-------------------------+-------+-------++-------
Melee: Hand axe          |   106 |    59 ||   165
       Unarmed           |       |     6 ||     6
Throw: Boomerang         |       |    28 ||    28
Invok: Fiery Armour      |     2 |     2 ||     4
  Use: Scroll            |     3 |     3 ||     6
       Potion            |     1 |       ||     1
Armor: Robe              |    18 |       ||    18
       Ring mail         |     9 |     7 ||    16
       Skin              |       |     1 ||     1
       Plate armour      |       |    30 ||    30
Dodge: Dodged            |    63 |    20 ||    83

Table legend:
 A = Non-vault XP
 B = Vault XP
 C = Vault XP percentage of total XP
 D = Non-vault monster count
 E = Vault monster count
 F = Vault count percentage of total count
                 A         B        C        D         E       F
            +---------+---------+-------+---------+---------+-------
      Total |     226 |      72 |  24.2 |      56 |       2 |   3.4
            +---------+---------+-------+---------+---------+-------
        D:1 |      33 |       0 |   0.0 |      20 |       0 |   0.0
        D:2 |     123 |      72 |  36.9 |      22 |       2 |   8.3
        D:3 |      70 |       0 |   0.0 |      14 |       0 |   0.0
            +---------+---------+-------+---------+---------+-------
